 Dungeon Crawl Stone Soup version 0.17-a0-1105-gbe8b664 (webtiles) character file.

8 Hanyuu the Insei (level 2, -2/18 HPs)
             Began as an Octopode Transmuter on May 22, 2015.
             Slain by a jackal (3 damage)
             ... on level 1 of the Dungeon.
             The game lasted 00:00:39 (243 turns).

Hanyuu the Insei (Octopode Transmuter)               Turns: 243, Time: 00:00:39

Health: -2/18      AC:  1    Str:  9    XL:     2   Next: 8%
Magic:  4/5        EV: 12    Int: 15    God:
Gold:   11         SH:  0    Dex: 12    Spells: 1 memorised, 4 levels left

rFire  . . .     SeeInvis .       - Unarmed
rCold  . . .     Clarity  .     (no shield)
rNeg   . . .     SustAb   .     (helmet restricted)
rPois  .         Gourm    .     (no amulet)
rElec  .         Spirit   .     (no ring)
rCorr  .         Warding  .     (no ring)
rMut   .         Stasis   .     (no ring)
MR     .....                    (no ring)
Stlth  ++........               (no ring)
                                (no ring)
                                (no ring)
                                (no ring)

@: appendage, not resistant to hostile enchantments, unstealthy
A: almost no armour, amphibious, 8 rings, constrict 8, tentacle spike 3,
camouflage 1, gelatinous body 1
a: End Transformation


You were on level 1 of the Dungeon.
You were not hungry.
One of your tentacles had a temporary spike.
You visited 1 branch of the dungeon, and saw 1 of its levels.

You collected 11 gold pieces.

Inventory:

Missiles
 a - 12 arrows
Jewellery
 d - a +3 ring of strength {unknown}
Books
 b - a book of Changes

   Spells                             Type                      Level
   a - Beastly Appendage              Transmutation                1
   b - Sticks to Snakes               Transmutation                2
   c - Spider Form                    Transmutation/Poison         3
   d - Ice Form                       Ice/Transmutation            4
   e - Blade Hands                    Transmutation                5
Comestibles
 c - a bread ration


   Skills:
 - Level 1.0 Fighting
 - Level 2.0 Dodging
 + Level 3.5 Unarmed Combat
 - Level 2.0 Spellcasting
 - Level 2.0 Transmutations


You had 4 spell levels left.
You knew the following spells:

 Your Spells              Type           Power        Failure   Level  Hunger
a - Beastly Appendage     Trmt           #.....       12%         1    #......


Dungeon Overview and Level Annotations

Branches:
Dungeon (1/15)

Altars:


Innate Abilities, Weirdness & Mutations

You cannot wear most types of armour.
You are amphibious.
You can wear up to eight rings at the same time.
You can use your tentacles to constrict eight enemies at once.
Your skin changes colour to match your surroundings (Stealth).
Your rubbery body absorbs attacks (AC +1).
One of your tentacles bears a large vicious spike.


Message History

You grab the jackal. You tentacle-slap the jackal.
The jackal is moderately wounded.
You constrict the jackal, but do no damage.
The jackal bites you.
* * * LOW HITPOINT WARNING * * *
The jackal bites you.
* * * LOW HITPOINT WARNING * * *
A jackal comes into view.
You release your grip on the jackal.
The jackal barely misses you. The jackal closely misses you.
You tentacle-slap the jackal. You grab the jackal.
The jackal is heavily wounded.
You constrict the jackal, but do no damage.
The jackal bites you.
* * * LOW HITPOINT WARNING * * *
You tentacle-slap the jackal but do no damage.
You pierce the jackal, but do no damage.
The jackal is heavily wounded.
You constrict the jackal. The jackal barely misses you. The jackal bites you.
You die...

#..# ########
#..#
########..#
..........#
...#####..#
##..######
#.........
#.####...######
#...@hh...#
#.####h.#.#
#..#.#
h.h....†.#..
.........##?#
##.####### .. #
# .#. # .## # #


You could see 3 jackals.

Vanquished Creatures
  An ooze (D:1)
  2 jackals (D:1)
  A bat (D:1)
  A giant newt (D:1)
  A rat (D:1)
6 creatures vanquished.

Notes
Turn   | Place    | Note
--------------------------------------------------------------
     0 | D:1      | Hanyuu the Octopode Transmuter began the quest for the Orb.
     0 | D:1      | Reached XP level 1. HP: 13/13 MP: 3/3
     2 | D:1      | Noticed a dwarf
     2 | D:1      | Noticed a naga
     4 | D:1      | Noticed a demigod
     6 | D:1      | Noticed a minotaur
     6 | D:1      | Noticed a draconian
     8 | D:1      | Noticed a felid
     8 | D:1      | Noticed a tengu
    10 | D:1      | Noticed a gargoyle
    10 | D:1      | Noticed an ogre
    12 | D:1      | Noticed a ghoul
    12 | D:1      | Noticed a vine stalker
    14 | D:1      | Noticed a troll
    14 | D:1      | Noticed a formicid
    16 | D:1      | Noticed a merfolk
    18 | D:1      | Noticed an octopode
    18 | D:1      | Noticed a demonspawn
    22 | D:1      | Noticed an elf
    24 | D:1      | Noticed a vampire
    24 | D:1      | Noticed a spriggan
    26 | D:1      | Noticed a human
    26 | D:1      | Noticed a centaur
   234 | D:1      | Reached XP level 2. HP: 18/18 MP: 5/5
   243 | D:1      | Slain by a jackal

Vault maps used:
D:1:      kb_arrival_jail

Action                   || total
-------------------------++-------
Melee: Unarmed           ||    15
 Cast: Beastly Appendage ||     1
 Stab: Sleeping          ||     3
